 Dungeon Sprint DCSS version 0.17.1-3-g152610e (webtiles) character file.

5971 Kokonut the Warrior (level 10, -1/165 (166) HPs)
             Began as a Minotaur Berserker on Mar 6, 2016.
             Was the Champion of Trog.
             Slain by a skeletal warrior
             ... wielding a +0 short sword
              (17 damage)
             ... in the Dungeon (Sprint III: "The Ten Rune Challenge").
             The game lasted 00:10:10 (1348 turns).

Kokonut the Warrior (Minotaur Berserker)            Turns: 1348, Time: 00:10:11

HP:   -1/165 (166)  AC:  6    Str: 28    XL:     10   Next: 55%
MP:   9/9           EV: 20    Int:  4    God:    Trog [******]
Gold: 28            SH:  0    Dex: 12    Spells: 0 memorised, 9 levels left

rFire  . . .     SeeInvis .     B - +4 great mace (crush)
rCold  . . .     Clarity  .     n - +2 robe {rN+}
rNeg   + . .     SustAt   .     (shield currently unavailable)
rPois  .         Gourm    .     (helmet restricted)
rElec  .         Spirit   .     l - +1 cloak
rCorr  .         Warding  .     (no gloves)
rMut   .         NoTele   +     (no boots)
MR     .....                    (no amulet)
Stlth  ..........               (no ring)
                                (no ring)

@: berserking, lethally poisoned (-1 -> -33), slowed, not resistant to hostile
enchantments, extremely unstealthy
A: retaliatory headbutt, horns 2
a: Berserk, Trog's Hand, Brothers in Arms, Burn Spellbooks, Renounce Religion


You were in the Dungeon.
You worshipped Trog.
Trog was exalted by your worship.
You were not hungry.

You visited 1 branch You collected 28 gold pieces.

Inventory:

Hand Weapons
 a - a +0 mace
 t - a +3 dire flail of protection
 v - a +0 mace
 w - the +1 longbow "Ilyc" {speed, Int+4}
   (Trog gifted it to you in the Dungeon)

   Attacks with this weapon are significantly faster.
   It affects your intelligence (+4).
 y - a +1 arbalest of freezing
 A - a +4 hunting sling of flaming
 B - a +4 great mace of crushing (weapon)
 D - a +0 dire flail of distortion
Missiles
 x - 7 poisoned tomahawks (quivered)
 z - 7 steel javelins
Armour
 b - a +0 animal skin
 j - a +0 chain mail
 l - a +1 cloak (worn)
 n - a +2 robe of positive energy (worn)
 C - a +0 ring mail
Wands
 s - a wand of magic darts (23)
Scrolls
 i - a scroll of blinking
 m - 2 scrolls of immolation
 o - 3 scrolls of remove curse
Potions
 e - 2 potions of heal wounds
 f - a potion of haste
 g - 2 potions of magic
 h - a potion of berserk rage
 k - 3 potions of mutation
 q - 2 potions of cure mutation
 r - 2 potions of flight
Miscellaneous
 u - a stone of tremors
Comestibles
 c - a bread ration
 p - 24 royal jellies


   Skills:
 + Level 17.0 Fighting
 * Level 16.6 Maces & Flails
 - Level 2.4 Armour
 + Level 15.5 Dodging


You had 9 spell levels left.
You didn't know any spells.

Dungeon Overview and Level Annotations

Branches:
Dungeon (1/1)

Altars:
Cheibriados
Dithmenos
Elyvilon
Fedhas
Gozag
Kikubaaqudgha
Makhleb
Nemelex Xobeh
Okawaru
Qazlal
Ru
Sif Muna
Trog
Vehumet
Xom
Yredelemnul
Zin
The Shining One
Jiyva
Lugonu


Innate Abilities, Weirdness & Mutations

You reflexively headbutt those who attack you in melee.
You have a pair of horns on your head.


Message History

The skeletal warrior hits you but does no damage.
Press: ? - help, v - describe, . - travel
Here: a skeletal warrior, wielding a short sword An open door.
A red film seems to cover your vision as you go berserk!
You feel yourself moving faster!
You feel mighty!
You feel somewhat more hungry.
You are engulfed in dark miasma.
You are poisoned.
You feel your flesh rotting away!
You feel as though you will be slow longer.
* * * LOW HITPOINT WARNING * * *
You feel very sick.
The skeletal warrior hits you with a short sword!
* * * LOW HITPOINT WARNING * * *
You barely miss the skeletal warrior.
You are engulfed in dark miasma.
You are lethally poisoned!
You feel as though you will be slow longer.
* * * LOW HITPOINT WARNING * * *
x2 You feel very sick.
The skeletal warrior hits you with a short sword!
You die...

♣♣♣##'########
#...'.§§§§#
#...#.§≈§§#
#...#.#≈§§#
#####.# ≈≈≈#
#.P.P.# ≈≈≈≈
#§.§§P# ≈≈≈
#§§§)P# ##§≈
#@§§.P# §§# ≈
#z#####§§§###
#§§...'..)§§#
#§###########
#§# #§# #§#
#.# #.#


You could see a skeletal warrior.

Vanquished Creatures
  Harold (D)
  Erolcha (D)
  Joseph (D)
  A deep elf priest (D)
  An orc high priest (D)
  2 trapdoor spiders (D)
  A redback (D)
  A shadow (D)
  A spatial vortex (D)
  2 hill giants (D)
  A necrophage (D)
  3 two-headed ogres (D)
  A water elemental (D)
  11 killer bees (D)
  A jelly (D)
  Crazy Yiuf (D)
  Jessica (D)
  A wizard (D)
  A necromancer (D)
  3 humans (D)
  A kobold demonologist (D)
  3 rats (D)
40 creatures vanquished.

Vanquished Creatures (collateral kills)
  A queen bee (D)
  21 killer bees (D)
22 creatures vanquished.

Vanquished Creatures (others)
  2 draconian scorchers (D)
  A yaktaur (D)
  2 orc high priests (D)
  An orc priest (D)
  5 plants (D)
11 creatures vanquished.

Grand Total: 73 creatures vanquished

Notes
Turn   | Place    | Note
--------------------------------------------------------------
     0 | D        | Kokonut the Minotaur Berserker began the quest for the Orb.
     0 | D        | Reached XP level 1. HP: 19/19 MP: 0/0
     4 | D        | Reached skill level 4 in Maces & Flails
    53 | D        | Killed a yaktaur
   116 | D        | Noticed Jessica
   123 | D        | Reached ** piety under Trog
   127 | D        | Killed Jessica
   127 | D        | Reached skill level 8 in Maces & Flails
   127 | D        | Reached XP level 2. HP: 8/26 MP: 1/1
   166 | D        | Killed a white draconian scorcher
   247 | D        | Killed a white draconian scorcher
   354 | D        | Noticed Crazy Yiuf
   361 | D        | Reached *** piety under Trog
   361 | D        | Reached skill level 9 in Maces & Flails
   361 | D        | Reached XP level 3. HP: 31/31 MP: 2/2
   364 | D        | Killed Crazy Yiuf
   364 | D        | Reached skill level 10 in Maces & Flails
   364 | D        | Reached XP level 4. HP: 39/39 MP: 3/3
   426 | D        | Noticed a water elemental
   430 | D        | Killed a water elemental
   430 | D        | Reached skill level 12 in Maces & Flails
   479 | D        | Found a radiant altar of Vehumet.
   479 | D        | Found a deep blue altar of Sif Muna.
   479 | D        | Found an ancient bone altar of Kikubaaqudgha.
   479 | D        | Noticed a wizard
   483 | D        | Killed a wizard
   483 | D        | Reached XP level 5. HP: 45/45 MP: 4/4
   490 | D        | Reached **** piety under Trog
   490 | D        | Reached skill level 13 in Maces & Flails
   495 | D        | Reached ***** piety under Trog
   523 | D        | Found a glowing silver altar of Zin.
   523 | D        | Found a glowing golden altar of the Shining One.
   523 | D        | Found a white marble altar of Elyvilon.
   524 | D        | Noticed a deep elf priest
   531 | D        | Killed a deep elf priest
   531 | D        | Reached XP level 6. HP: 31/62 MP: 5/5
   564 | D        | Found an iron altar of Okawaru.
   564 | D        | Found a bloodstained altar of Trog.
   564 | D        | Noticed a human
   564 | D        | Noticed a human
   569 | D        | Killed a human
   569 | D        | Reached XP level 7. HP: 43/71 MP: 6/6
   574 | D        | Killed a human
   574 | D        | Reached skill level 10 in Fighting
   782 | D        | Found a basalt altar of Yredelemnul.
   782 | D        | Found a snail-covered altar of Cheibriados.
   782 | D        | Found a blossoming altar of Fedhas.
   782 | D        | Noticed a necrophage
   782 | D        | Noticed a necromancer
   784 | D        | Killed a necromancer
   786 | D        | Killed a necrophage
   786 | D        | Reached skill level 10 in Dodging
   811 | D        | Noticed a jelly
   812 | D        | Noticed a shadow
   816 | D        | Killed a jelly
   816 | D        | Received a gift from Trog
   817 | D        | Killed a shadow
   862 | D        | Found a stormy altar of Qazlal.
   863 | D        | Found a sacrificial altar of Ru.
   863 | D        | Found a burning altar of Makhleb.
   863 | D        | Found a viscous altar of Jiyva.
   863 | D        | Found a shimmering altar of Xom.
   863 | D        | Found a shadowy altar of Dithmenos.
   863 | D        | Found a sparkling altar of Nemelex Xobeh.
   863 | D        | Found a corrupted altar of Lugonu.
   863 | D        | Found an opulent altar of Gozag.
   863 | D        | Noticed a spatial vortex
   869 | D        | Killed a spatial vortex
   869 | D        | Reached XP level 8. HP: 70/83 MP: 7/7
   884 | D        | Noticed a two-headed ogre
   884 | D        | Noticed a two-headed ogre
   888 | D        | Killed a two-headed ogre
   892 | D        | Killed a two-headed ogre
   902 | D        | Noticed a two-headed ogre
   926 | D        | Killed a two-headed ogre
   955 | D        | Noticed a hill giant
   960 | D        | Killed a hill giant
   968 | D        | Noticed a hill giant
   968 | D        | Noticed Erolcha
   969 | D        | Paralysed by Erolcha for 4 turns
   976 | D        | Killed Erolcha
   976 | D        | Reached ****** piety under Trog
   976 | D        | Reached skill level 14 in Fighting
   976 | D        | Reached XP level 9. HP: 96/96 MP: 8/8
   977 | D        | Noticed a redback
   980 | D        | Killed a hill giant
   980 | D        | Received a gift from Trog
   981 | D        | Got a translucent longbow {god gift}
   987 | D        | Killed a redback
   987 | D        | Reached skill level 15 in Fighting
  1009 | D        | Noticed a trapdoor spider
  1016 | D        | Killed a trapdoor spider
  1020 | D        | Identified the +1 longbow "Ilyc" {speed, Int+4} (Trog gifted it to you in the Dungeon)
  1023 | D        | Noticed a wandering mushroom
  1031 | D        | Noticed a wandering mushroom
  1033 | D        | Noticed a wandering mushroom
  1047 | D        | Noticed Harold
  1047 | D        | Noticed Joseph
  1054 | D        | Killed Harold
  1054 | D        | Reached skill level 16 in Fighting
  1054 | D        | Reached skill level 15 in Maces & Flails
  1054 | D        | Reached XP level 10. HP: 107/107 MP: 9/9
  1060 | D        | Killed Joseph
  1060 | D        | Reached skill level 15 in Dodging
  1129 | D        | Noticed an orc high priest
  1129 | D        | Noticed an orc high priest
  1148 | D        | Noticed a trapdoor spider
  1153 | D        | Killed a trapdoor spider
  1161 | D        | Noticed a killer bee
  1161 | D        | Noticed a killer bee
  1161 | D        | Noticed a killer bee
  1161 | D        | Noticed a killer bee
  1161 | D        | Noticed a killer bee
  1161 | D        | Noticed a killer bee
  1161 | D        | Noticed a killer bee
  1161 | D        | Noticed a killer bee
  1161 | D        | Noticed a killer bee
  1161 | D        | Noticed a killer bee
  1161 | D        | Noticed a killer bee
  1161 | D        | Noticed a killer bee
  1161 | D        | Noticed a killer bee
  1161 | D        | Noticed a killer bee
  1161 | D        | Noticed a killer bee
  1161 | D        | Noticed a killer bee
  1161 | D        | Noticed a killer bee
  1163 | D        | Noticed a killer bee
  1163 | D        | Noticed a killer bee
  1163 | D        | Killed a killer bee
  1164 | D        | Noticed a killer bee
  1164 | D        | Killed a killer bee
  1166 | D        | Noticed a killer bee
  1166 | D        | Killed a killer bee
  1166 | D        | Received a gift from Trog
  1167 | D        | Noticed a killer bee
  1168 | D        | Killed a killer bee
  1168 | D        | Killed a killer bee
  1169 | D        | Killed a killer bee
  1169 | D        | Received a gift from Trog
  1170 | D        | Noticed a killer bee
  1171 | D        | Noticed a killer bee
  1171 | D        | Killed a killer bee
  1172 | D        | Noticed a killer bee
  1172 | D        | Killed a killer bee
  1173 | D        | Noticed a killer bee
  1173 | D        | Noticed a killer bee
  1174 | D        | Noticed a killer bee
  1174 | D        | Killed a killer bee
  1175 | D        | Killed a killer bee
  1176 | D        | Noticed a queen bee
  1176 | D        | Noticed a killer bee
  1176 | D        | Noticed a killer bee
  1176 | D        | Killed a killer bee
  1177 | D        | Noticed a killer bee
  1177 | D        | Killed a killer bee
  1177 | D        | Received a gift from Trog
  1177 | D        | Killed a killer bee
  1178 | D        | Killed a killer bee
  1179 | D        | Killed a killer bee
  1180 | D        | Killed a killer bee
  1180 | D        | Killed an orc high priest
  1181 | D        | Killed a killer bee
  1183 | D        | Killed a killer bee
  1185 | D        | Noticed a killer bee
  1185 | D        | Killed a killer bee
  1186 | D        | Killed a killer bee
  1188 | D        | Killed a killer bee
  1188 | D        | Killed a killer bee
  1189 | D        | Killed a killer bee
  1189 | D        | Received a gift from Trog
  1191 | D        | Killed a killer bee
  1191 | D        | Killed a killer bee
  1192 | D        | Killed a killer bee
  1193 | D        | Killed a killer bee
  1194 | D        | Killed a killer bee
  1194 | D        | Received a gift from Trog
  1197 | D        | Killed a killer bee
  1197 | D        | Killed a killer bee
  1198 | D        | Killed a killer bee
  1199 | D        | Killed a killer bee
  1200 | D        | Killed a queen bee
  1212 | D        | Killed an orc priest
  1233 | D        | Killed an orc high priest
  1267 | D        | Killed an orc high priest
  1267 | D        | Reached skill level 17 in Fighting
  1338 | D        | Noticed a skeletal warrior
  1348 | D        | Slain by a skeletal warrior

Action                   |  1- 3 |  4- 6 |  7- 9 | 10-12 || total
-------------------------+-------+-------+-------+-------++-------
Melee: Mace              |    19 |    21 |    11 |       ||    51
       Dire flail        |       |       |    37 |    34 ||    71
       Great mace        |       |       |       |     5 ||     5
Invok: Berserk           |     1 |     4 |     5 |     1 ||    11
       Burn Spellbooks   |       |     1 |       |       ||     1
       Brothers in Arms  |       |       |       |     1 ||     1
  Use: Scroll            |       |     4 |       |       ||     4
       Potion            |       |       |       |     1 ||     1
 Stab: Held in net/web   |       |       |       |     1 ||     1
  Eat: Royal jelly       |       |     1 |     1 |     1 ||     3
       Chunk             |       |     1 |     5 |     1 ||     7
